cohdb
Replays
Latest Replays
All Replays
Popular Replays
Top Player Replays
Match Explorer
How It Works
Community
CoH3 Stats
Reddit
Sign in to upload your games and track your stats! →
Sign in with Steam
Match 43657608
Unlisted
Match 43657608
Overview
Messages
Build Orders
End
Construct Section Command Post
Infantry Section
Royal Engineer Section
Dingo Light Scout Car
Construct Platoon Command Post
Humber Armored Car
Humber Armored Car
Infantry Section
Infantry Section
6-pounder Anti-tank Gun Team
Construct Field Infirmary
Unlock Bishop Self-propelled Artillery
Light Vehicle Training
Bishop Self-propelled Artillery
6-pounder Anti-tank Gun Team
JollyRedRockett
CarpetKraken
ReadyBoi
骚年翻滚起来
Sahin Emmi
Sturmbock80
흰수염고래
rafikos
0
0
Comments
sign in to comment!
No comments posted yet!